Map: Central Protocol

Players

Obikson

  • Race: Terran Terran
  • League: Gold

lesha - Winner!

  • Race: Terran Terran
  • League: Silver

VOD

Have the link to the VOD?

Description

Time

  • Played on: Dec. 23, 2015, 10:07 a.m.
  • Length: 16:08
Show
View Real Time Build Order
Export as new Build Order

Obikson Terran 

Build Orders:  

Get SALT Encoding   

  12  0:02  SCV  
  13  0:18  Supply Depot, SCV  
  14  0:30  SCV  
  15  0:41  Barracks  
  15  0:43  SCV  
  15  0:47  Refinery  
  16  0:55  SCV  
  17  1:10  SCV  
  18  1:17  Refinery  
  18  1:27  Orbital Command  
  18  1:30  Marine  
  18  1:31  Supply Depot  
  19  1:48  Marine  
  20  1:57  SCV  
  21  2:04  Factory  
  21  2:23  Barracks Tech Lab, Barracks  
  21  2:30  Supply Depot  
  21  2:32  SCV  
  22  2:44  SCV  
  22  3:06  Factory  
  22  3:09  SCV, Factory  
  23  3:21  SCV  
  23  3:25  Barracks Reactor  
  23  3:26  Hellion  
  26  3:31  Infernal Pre-Igniter  
  26  3:33  SCV  
  27  3:44  Starport  
  27  3:45  SCV  
  27  3:48  Hellion  
  30  3:52  Factory Tech Lab  
  30  3:53  Factory Tech Lab  
  30  3:57  SCV  
  31  4:09  SCV  
  32  4:14  Hellion  
  32  4:16  Hellion  
  39  4:25  Supply Depot  
  39  4:26  Medivac  
  38  4:36  Command Center  
  38  4:46  Hellion x2  
  38  4:47  Hellion  
  38  4:50  Supply Depot  
  44  4:56  Medivac, Marine  
  47  5:11  Supply Depot, Marine  
  47  5:14  Supply Depot, Marine  
  41  6:17  Hellion  
  41  6:18  Hellion x2  
  47  6:27  Armory  
  47  6:39  Hellion x3  
  53  6:54  Marine x2  
  53  6:58  SCV x2  
  53  7:00  Hellion x3  
  63  7:10  SCV x2  
  63  7:12  Marine  
  66  7:22  SCV x2, Hellion  
  64  7:34  SCV  
  51  8:00  Thor x3  
  69  8:08  Refinery  
  69  8:10  SCV  
  70  8:14  Refinery, Medivac  
  72  8:23  SCV  
  73  8:28  Orbital Command  
  73  8:35  SCV  
  74  8:42  Thor  
  74  8:43  Hellion x2  
  74  8:44  Medivac, Terran Vehicle Weapons Level 1  
  86  9:00  Supply Depot  
  86  9:08  Supply Depot  
  86  9:11  Supply Depot  
  86  9:22  Thor, SCV  
  93  9:26  Supply Depot  
  93  9:27  SCV  
  93  9:28  Command Center  
  94  9:32  Hellion x4  
  94  9:34  SCV  
  91  9:46  SCV  
  88  9:58  SCV  
  69  10:10  SCV  
  69  10:12  Factory  
  70  10:38  Terran Vehicle And Ship Armor Level 1  
  70  10:41  Factory  
  70  10:56  Factory  
  70  11:04  Medivac  
  72  11:16  Factory Tech Lab  
  72  11:25  Factory  
  72  11:39  Hellion  
  78  11:40  Hellion x3  
  78  12:01  Hellion x4  
  80  12:22  Hellion x4  
  86  12:27  Factory Tech Lab  
  86  12:33  Terran Vehicle Weapons Level 2, Medivac  
  88  12:39  Orbital Command  
  88  12:43  Hellion  
  96  12:44  Hellion x3  
  96  13:05  Hellion x4  
  86  13:48  Thor  
  86  13:49  Thor x2  
  86  13:50  Factory Tech Lab  
  86  13:52  Factory Tech Lab  
  104  13:56  Refinery  
  104  14:00  Refinery  
  104  14:16  Starport Tech Lab  
  104  14:18  Starport Reactor  
  104  14:31  Thor  
  110  15:01  Siege Tank x4  
  116  15:14  Thor  
  83  15:33  Siege Tank x2  
Show
View Real Time Build Order
Export as new Build Order

lesha Terran - Winner!

Build Orders: MMM Bio 

Get SALT Encoding   

  12  0:01  SCV  
  13  0:13  SCV  
  14  0:18  Supply Depot  
  14  0:25  SCV  
  15  0:40  SCV, Barracks  
  16  0:51  Refinery  
  16  0:52  SCV  
  17  1:05  SCV  
  18  1:17  SCV  
  19  1:30  SCV  
  20  1:43  Command Center  
  20  1:49  Reaper  
  21  1:58  Orbital Command  
  20  2:06  Barracks  
  20  2:13  Supply Depot  
  20  2:23  Marine  
  20  2:29  SCV  
  22  2:42  SCV  
  22  2:43  Factory  
  23  3:05  SCV  
  25  3:07  Orbital Command  
  24  3:14  Bunker  
  24  3:17  SCV  
  25  3:21  Barracks Reactor  
  25  3:22  Barracks Reactor  
  24  3:29  SCV  
  25  3:34  Factory Tech Lab  
  25  3:41  SCV  
  25  3:42  SCV  
  27  3:53  SCV  
  27  3:54  SCV  
  27  3:55  Barracks  
  29  3:56  Barracks  
  29  3:59  Marine x3  
  29  4:00  Marine  
  29  4:01  Supply Depot x2  
  33  4:05  SCV  
  33  4:06  SCV  
  33  4:07  Refinery  
  33  4:09  Engineering Bay  
  35  4:18  SCV  
  35  4:21  SCV  
  37  4:24  Siege Tank  
  37  4:30  SCV, Marine x2  
  37  4:31  Marine  
  43  4:32  Marine  
  43  4:33  SCV  
  46  4:39  Terran Infantry Weapons Level 1  
  46  4:42  SCV  
  46  4:45  SCV  
  48  4:52  Starport  
  48  4:54  SCV  
  48  4:57  SCV  
  50  5:06  SCV  
  51  5:09  SCV  
  52  5:15  Missile Turret  
  52  5:19  Missile Turret  
  52  5:21  Barracks Reactor, Barracks Tech Lab  
  52  5:22  Engineering Bay  
  52  5:23  Missile Turret, Marine x3  
  52  5:24  Marine  
  44  5:58  Terran Infantry Armor Level 1  
  44  6:03  Marine x5  
  44  6:04  Marauder, Marine  
  49  6:10  Starport Reactor  
  52  6:19  SCV, Missile Turret  
  52  6:20  SCV  
  52  6:24  Refinery, Marine x3  
  52  6:25  Refinery, Marine x4  
  60  6:26  Missile Turret  
  60  6:29  Supply Depot  
  60  6:32  SCV, Supply Depot x2  
  62  6:42  SCV, Marine x4  
  62  6:43  Marine x3  
  62  6:44  SCV  
  71  6:47  Stimpack  
  71  7:00  Marine x5  
  71  7:01  Marine  
  77  7:09  SCV x2  
  77  7:11  Marine  
  80  7:18  Medivac, Marine x2  
  80  7:21  SCV x2  
  86  7:24  Medivac  
  75  7:54  Marine  
  75  7:55  Marine x6  
  75  7:57  Medivac x2  
  83  8:01  SCV  
  84  8:06  SCV  
  84  8:12  Marine x2  
  85  8:13  SCV, Marine  
  85  8:18  SCV  
  90  8:25  SCV  
  91  8:30  SCV  
  91  8:32  Armory  
  92  8:37  SCV, Marine x6  
  92  8:38  Medivac, Marine  
  102  8:48  Combat Shields  
  102  9:07  Marine  
  103  9:14  Command Center  
  103  9:24  Marine x2  
  103  9:25  Marine x5  
  103  9:27  Medivac x2  
  114  9:32  Command Center  
  114  9:42  Marine x3  
  81  10:10  Marine x2  
  81  10:11  Marine x5  
  81  10:12  Medivac x2  
  92  10:24  SCV x2  
  92  10:28  Marine x3  
  94  10:29  Marine x4  
  101  10:36  SCV x2  
  101  10:42  Medivac  
  103  10:46  Marine x4  
  103  10:48  SCV x2  
  111  10:51  Orbital Command  
  111  11:02  SCV x3  
  114  11:14  SCV x2  
  114  11:15  SCV  
  117  11:41  SCV x4  
  121  11:53  SCV x4, Barracks  
  125  11:54  Marine x4  
  125  11:55  Barracks, Marine x3  
  125  11:56  Medivac x2  
  125  11:58  Barracks x2  
  136  12:04  Supply Depot x2  
  136  12:05  SCV, Supply Depot  
  136  12:08  Supply Depot  
  137  12:12  Marine x4  
  122  12:26  Medivac x2, Marine x3  
  129  12:30  Marine  
  129  12:31  Marine x3  
  133  12:40  Terran Infantry Weapons Level 2  
  133  12:42  Terran Infantry Armor Level 2  
  133  12:44  Marine x3  
  133  12:47  Marine  
  133  12:48  Marine  
  133  12:49  Marine x2  
  140  12:56  Medivac x2  
  146  12:59  Barracks Reactor  
  146  13:00  Barracks Reactor x2  
  146  13:01  Barracks Reactor, Marine  
  146  13:02  Marine  
  108  13:42  Marine x3  
  108  13:43  Marine x7  
  108  13:44  Marine x5  
  108  13:47  Medivac x2  
  127  13:55  SCV x4  
  130  14:00  Marine x4  
  130  14:01  Marine x7  
  130  14:02  Marine x4  
  146  14:07  SCV x3  
  146  14:08  Concussive Shells  
  149  14:17  Supply Depot, Medivac x2  
  149  14:18  Marine x5  
  149  14:19  Supply Depot x2, Marine x8  
  149  14:20  Marine x2  
  168  14:36  Marine x4  
  172  14:45  Marine x5  
  175  14:46  Marine x6  
  175  14:47  Medivac  
  185  14:53  Marine  
  185  14:54  Marine x3  
  189  15:03  Marine x7  
  189  15:04  Marine x4  
  187  15:26  Marine x5  
  187  15:27  Marine  
  144  15:48  Marine x7  
  144  15:49  Marine x7  
  157  15:50  Marine  
Tags
 
Composition
MMM Bio
Matchup
TvT
Race
Terran
Add a new tag
Caveats
  • Supply blocks, unpowered buildings, or Contaminate may cause inaccurate times.
  • Supply counts are checked every 10 seconds.